 Dungeon Crawl Stone Soup version 0.26-a0-812-g31a745ddcd (webtiles) character file.

Game seed: 7649653572818146064

91 kae the Poker (level 4, 0/35 HPs)
             Began as a Merfolk Gladiator on Nov 25, 2020.
             Succumbed to a gnoll's poison
             ... on level 2 of the Dungeon.
             The game lasted 00:01:39 (1385 turns).

kae the Poker (Merfolk Gladiator)                   Turns: 1385, Time: 00:01:39

Health: 0/35       AC:  7    Str: 15    XL:     4   Next: 59%
Magic:  4/4        EV: 14    Int:  7    God:
Gold:   53         SH:  0    Dex: 15    Spells: 3/3 levels left

rFire    . . .     SeeInvis .   a - +0 trident
rCold    . . .     Faith    .   (no shield)
rNeg     . . .     Spirit   .   b - +0 leather armour
rPois    .         Reflect  .   c - +0 helmet
rElec    .         Harm     .   f - +2 cloak
rCorr    .         Rampage  .   (no gloves)
MR       .....                  (no boots)
Stlth    +.........             (no amulet)
HPRegen  0.11/turn              (no ring)
MPRegen  0.09/turn              (no ring)

@: lethally poisoned (0 -> -5)
A: change form in water, swift swim, stealthy swim
a: no special abilities


You were on level 2 of the Dungeon.
You visited 1 branch of the dungeon, and saw 2 of its levels.

You collected 53 gold pieces.

Inventory:

Hand Weapons
 a - a +0 trident (weapon)
Missiles
 d - 3 throwing nets (quivered)
Armour
 b - a +0 leather armour (worn)
 c - a +0 helmet (worn)
 f - a +2 cloak (worn)
Jewellery
 h - a +4 ring of evasion {unknown}
 l - a cursed ring of teleportation {unknown}
Scrolls
 e - 2 scrolls of teleportation {unknown}
 g - a scroll of immolation {unknown}
 i - 2 scrolls of enchant weapon {unknown}
 j - a scroll of noise {unknown}
 k - 2 scrolls of identify {unknown}
 m - 2 scrolls of remove curse {unknown}


   Skills:
 + Level 3.0 Fighting
 * Level 5.9 Polearms
 + Level 2.6 Throwing
 + Level 4.7 Dodging


You had 3 spell levels left.
You didn't know any spells.
Your spell library was empty.

Dungeon Overview and Level Annotations

Branches:
Dungeon (2/15)

Altars:


Message History

There is a lethal amount of poison in your body!
Okay, then.
* * * LOW HITPOINT WARNING * * *
You feel sick.
* * * LOW HITPOINT WARNING * * *
You feel sick.
* * * LOW HITPOINT WARNING * * *
You feel sick.
* * * LOW HITPOINT WARNING * * *
You feel sick.
* * * LOW HITPOINT WARNING * * *
You feel sick.
* * * LOW HITPOINT WARNING * * *
You feel sick.
* * * LOW HITPOINT WARNING * * *
You feel sick.
* * * LOW HITPOINT WARNING * * *
You feel sick.
Found a stone staircase leading down.
You die...

≈≈≈♣P≈PP.### ♣≈PPPP...#
PP≈≈#.#### PP###.# # #.#
##.# ###### ##. ##..#
#....######..>.
#..#####.........(.....
#.#...........@.......#
###......#........#.....#
....######....###...[...##
##.## #....# #.≈....[
##.#### #....# #≈.≈....
[.....# ###### #P≈P.#.
......## ##P≈P.# .......#
##.♣†..##♣♣♣♣♣♣♣♣
.....(.###
#...#..#≈≈≈≈≈≈≈≈♣♣


There were no monsters in sight!

Vanquished Creatures
  Robin (D:2)
  A gnoll (D:2)
  2 adders (D:2)
  2 worms (D:2)
  A dart slug (D:2)
  4 bats (D:1)
  2 giant cockroaches
  10 goblins
  6 hobgoblins
  4 jackals
  4 kobolds
  A quokka (D:2)
  A ball python (D:1)
  2 frilled lizards (D:1)
  2 rats
43 creatures vanquished.

Vanquished Creatures (others)
  18 plants (D:2)
18 creatures vanquished.

Grand Total: 61 creatures vanquished

Notes
Turn   | Place    | Note
-------+----------+-------------------------------------------
     0 | D:1      | kae the Merfolk Gladiator began the quest for the Orb.
     0 | D:1      | Reached XP level 1. HP: 16/16 MP: 1/1
    61 | D:1      | Reached XP level 2. HP: 23/23 MP: 2/2
   500 | D:1      | Reached skill level 5 in Polearms
   710 | D:2      | Reached XP level 3. HP: 17/28 MP: 3/3
   913 | D:2      | Noticed Robin
   959 | D:2      | Reached XP level 4. HP: 17/34 MP: 4/4
  1173 | D:2      | Killed Robin
  1383 | D:2      | HP: 1/35 [poisoned by a gnoll]
  1385 | D:2      | Succumbed to a gnoll's poison

Illustrated notes

Levels and vault maps discovered:
D:1:      tarquinn_simple_flora_water_c, layout_basic, lemuel_old_faithful
D:2:      layout_rooms, serial_bayou, serial_bayou_lake_a, serial_bayou_pond_a,
          serial_bayou_pond_e, serial_bayou_lagoon_a, serial_bayou_ford_a,
          serial_bayou_pond_e, uniq_robin, uniq_crazy_yiuf_cottage

Skill      XL: |  1  2  3  4 |
---------------+-------------+-----
Polearms       | 5 |  5.9
Fighting       | 3 |  3.0
Throwing       | |  2.6
Dodging        | |  4.7

Action                   |  1- 3 |  4- 6 || total
-------------------------+-------+-------++-------
Melee: Trident           |    84 |    45 ||   129
Armor: Leather armour    |    28 |    10 ||    38
Dodge: Dodged            |    58 |    25 ||    83

Table legend: (Time is in decaauts)
 A = Elapsed time spent in this place.
 B = Non-inter-level travel time spent in this place.
 C = Inter-level travel time spent in this place.
 D = Time resting spent in this place.
 E = Time spent auto-exploring this place.
 F = Levels seen in this place.
 G = Mean time per level.
                   A        B        C        D        E       F      G
               +--------+--------+--------+--------+--------+-----+--------+
         Total |   1371 |   1348 |     23 |      2 |   1075 |   2 |  685.5 |
       Dungeon |   1371 |   1348 |     23 |      2 |   1075 |   2 |  685.5 |
               +--------+--------+--------+--------+--------+-----+--------+

Top non-repeatable levels by time:
     D:1: 696 daAuts
     D:2: 675 daAuts
